 Dungeon Crawl Stone Soup version 0.26-a0-958-gf3041fb45f (webtiles) character file.

Game seed: 7092994176870373884

324 Dracia the Martial Artist (level 6, 0/47 HPs)
             Began as a Draconian Transmuter on Dec 1, 2020.
             Succumbed to a killer bee's poison
             ... on level 2 of the Dungeon.
             The game lasted 00:08:53 (2589 turns).

Dracia the Martial Artist (Draconian Transmuter)    Turns: 2589, Time: 00:08:54

Health: 0/47       AC:  6    Str: 12    XL:     6   Next: 23%
Magic:  8/9        EV: 12    Int: 15    God:
Gold:   167        SH:  0    Dex: 12    Spells: 6/9 levels left

rFire    + . .     SeeInvis .     - Unarmed
rCold    + . .     Faith    .   (no shield)
rNeg     . . .     Spirit   .   (armour unavailable)
rPois    +         Reflect  .   (helmet currently unavailable)
rElec    +         Harm     .   (no cloak)
rCorr    +         Rampage  .   (no gloves)
MR       .....                  (boots currently unavailable)
Stlth    +.........             (no amulet)
HPRegen  0.15/turn              (no ring)
MPRegen  0.11/turn              (no ring)

@: brilliant, lethally poisoned (0 -> -2), appendages (expiring), resistant,
berserk cooldown, attractive, hasted and slowed
A: unfitting armour, horns 2, talons 2, cold-blooded, AC +6
a: End Transformation


You were on level 2 of the Dungeon.
You had grown temporary horns.
You had grown temporary talons.
You visited 1 branch of the dungeon, and saw 3 of its levels.

You collected 167 gold pieces.


Innate Abilities, Weirdness & Mutations

Your plain brown scales are hard. (AC +6)
You cannot fit into any form of body armour.
You are cold-blooded and may be slowed by cold attacks.
You have a pair of horns on your head.
You have razor-sharp toenails.


   Skills:
 - Level 1.1 Fighting
 - Level 1.7 Dodging
 + Level 9.7 Unarmed Combat
 - Level 2.0 Spellcasting
 + Level 9.5 Transmutations


You had 6 spell levels left.
You knew the following spells:

 Your Spells              Type           Power        Failure   Level
a - Beastly Appendage     Tmut           #####.       1%          1
b - Wereblood             Tmut           #####...     1%          2

Your spell library contained the following spells:

 Spells                   Type           Power        Failure   Level
 Spider Form              Tmut/Pois      ###.......   10%         3
 Blade Hands              Tmut           #####.....   12%         5
 Ice Form                 Ice/Tmut       ###.....     30%         4

Inventory:

Armour
 h - a +0 cloak
Scrolls
 a - a scroll of fear {unknown}
 b - a scroll of amnesia {unknown}
 d - 3 scrolls of identify {unknown}
 e - a scroll of blinking {unknown}
 f - a scroll of fog {unknown}
 i - a scroll of immolation {unknown}
 j - a scroll of enchant weapon {unknown}
 m - a scroll of remove curse {unknown}
 o - 2 scrolls of teleportation {unknown}
 p - a scroll of random uselessness {unknown}
Potions
 n - a potion of haste {@q3}

Dungeon Overview and Level Annotations

Branches:
Dungeon (3/15)

Altars:
Ashenzari
Vehumet

####.#.###.###.####
#...............#
#>##..#.........#
#.##..#..#......#
#.##..#..##.....#
#.##.........#..###
#.###.#..##.##.....
#.###.#..##.....###
#.@...#.........#
#######.........#
###########


There were no monsters in sight!


Message History

Your transformation is almost over.
The killer bee stings you but does no damage.
The killer bee closely misses you.
It was a potion of berserk rage.
A red film seems to cover your vision as you go berserk!
You feel yourself moving faster!
You feel mighty! The killer bee stings you.
* * * LOW HITPOINT WARNING * * *
You are lethally poisoned!
The killer bee poisons you!
You closely miss the killer bee. Your kick misses the killer bee.
You tail-slap the killer bee.
You kill the killer bee!
* * * LOW HITPOINT WARNING * * *
You feel sick.
You are too berserk!
There is a lethal amount of poison in your body!
Unknown command.
There is a lethal amount of poison in your body!
Unknown command.
You feel a strong urge to attack something.
You feel your anger nearly subside.
* * * LOW HITPOINT WARNING * * *
You feel sick.
You are no longer berserk.
You are exhausted.
You feel yourself slow down.
It was a potion of attraction.
You feel attractive to monsters.
Unknown command.
You die...

Skill      XL: |  1  2  3  4  5 |
---------------+----------------+-----
Transmutations | 3 9 |  9.5
Unarmed Combat | 4 9 |  9.7
Fighting       | |  1.1
Dodging        | |  1.7
Spellcasting   | |  2.0

Action                   |  1- 3 |  4- 6 || total
-------------------------+-------+-------++-------
Melee: Unarmed           |   128 |    56 ||   184
       Headbutt          |    10 |     7 ||    17
       Kick              |     9 |    14 ||    23
       Tailslap          |     6 |     5 ||    11
 Cast: Beastly Appendage |    15 |     8 ||    23
       Wereblood         |     2 |     1 ||     3
  Use: Potion            |       |     7 ||     7
Armor: Skin              |    60 |    12 ||    72
Dodge: Dodged            |    97 |    45 ||   142

Levels and vault maps discovered:
D:1:      minmay_arrival_up_and_down, layout_basic
D:2:      layout_loops_corners, gammafunk_temple_overflow_wave, minivault_26
D:3:      lemuel_upstairs_altar, layout_rooms, minitemple, st_stairs_13,
          led_sif_book

Notes
Turn   | Place    | Note
-------+----------+-------------------------------------------
     0 | D:1      | Dracia the Draconian Transmuter began the quest for the
                  | Orb.
     0 | D:1      | Reached XP level 1. HP: 16/16 MP: 3/3
   280 | D:1      | Reached XP level 2. HP: 20/23 MP: 5/5
   327 | D:1      | Learned a level 2 spell: Wereblood
   656 | D:1      | Reached XP level 3. HP: 23/28 MP: 3/6
   750 | D:1      | Reached skill level 3 in Transmutations
  1897 | D:2      | Reached skill level 4 in Unarmed Combat
  1955 | D:2      | Reached XP level 4. HP: 35/35 MP: 7/7
  2061 | D:2      | Found a radiant altar of Vehumet.
  2061 | D:2      | Found a broken altar of Ashenzari.
  2513 | D:3      | Reached XP level 5. HP: 35/40 MP: 6/8
  2550 | D:3      | Reached skill level 4 in Transmutations
  2570 | D:3      | HP: 4/40 [killer bee (4)]
  2570 | D:3      | HP: 1/40 [killer bee (3)]
  2572 | D:3      | Identified a potion of experience
  2572 | D:3      | Reached skill level 9 in Unarmed Combat
  2572 | D:3      | Reached skill level 9 in Transmutations
  2572 | D:3      | Reached XP level 6. HP: 1/47 MP: 6/9
  2573 | D:3      | Identified a potion of resistance
  2575 | D:3      | HP: 2/47 [killer bee (6)]
  2580 | D:2      | HP: 2/70 [killer bee (2)]
  2585 | D:2      | HP: 1/70 [poisoned by a killer bee]
  2589 | D:2      | Succumbed to a killer bee's poison

Vanquished Creatures
  2 killer bees
  3 adders (D:2)
  2 worms
  3 dart slugs
  4 orcs (D:3)
  4 bats
  A giant cockroach (D:2)
  4 goblins (D:1)
  8 hobgoblins
  13 jackals
  6 kobolds
  A frilled lizard (D:1)
  A rat (D:1)
52 creatures vanquished.

Table legend: (Time is in decaauts)
 A = Elapsed time spent in this place.
 B = Non-inter-level travel time spent in this place.
 C = Inter-level travel time spent in this place.
 D = Time resting spent in this place.
 E = Time spent auto-exploring this place.
 F = Levels seen in this place.
 G = Mean time per level.
                   A        B        C        D        E       F      G
               +--------+--------+--------+--------+--------+-----+--------+
         Total |   2572 |   2216 |    356 |     26 |   1758 |   3 |  857.3 |
       Dungeon |   2572 |   2216 |    356 |     26 |   1758 |   3 |  857.3 |
               +--------+--------+--------+--------+--------+-----+--------+

Top non-repeatable levels by time:
     D:1: 1430 daAuts
     D:2: 988 daAuts
     D:3: 154 daAuts

Table legend:
 A = Non-vault XP
 B = Vault XP
 C = Vault XP percentage of total XP
 D = Non-vault monster count
 E = Vault monster count
 F = Vault count percentage of total count
                 A         B        C        D         E       F
            +---------+---------+-------+---------+---------+-------
      Total |     271 |       0 |   0.0 |      52 |       0 |   0.0
            +---------+---------+-------+---------+---------+-------
        D:1 |      57 |       0 |   0.0 |      28 |       0 |   0.0
        D:2 |     129 |       0 |   0.0 |      14 |       0 |   0.0
        D:3 |      85 |       0 |   0.0 |      10 |       0 |   0.0
            +---------+---------+-------+---------+---------+-------
